 Dungeon Crawl Stone Soup version 0.17.0-24-gcfadda4 (webtiles) character file.

78 oplop the Changer (level 4, -3/29 HPs)
             Began as an Octopode Transmuter on Nov 15, 2015.
             Killed from afar by a white imp (4 damage)
             ... with a puff of frost
             ... summoned by Natasha
             ... on level 2 of the Dungeon.
             The game lasted 00:01:48 (1466 turns).

oplop the Changer (Octopode Transmuter)             Turns: 1466, Time: 00:01:49

Health: -3/29      AC:  1    Str: 10    XL:     4   Next: 36%
Magic:  7/7        EV: 12    Int: 15    God:
Gold:   135        SH:  0    Dex: 12    Spells: 1 memorised, 7 levels left

rFire  . . .     SeeInvis .     j - +0 dagger (drain)
rCold  . . .     Clarity  .     (no shield)
rNeg   . . .     SustAt   .     (helmet restricted)
rPois  .         Gourm    .     (no amulet)
rElec  .         Spirit   .     (no ring)
rCorr  .         Warding  .     (no ring)
rMut   .         Stasis   .     (no ring)
MR     .....                    (no ring)
Stlth  ++........               (no ring)
                                (no ring)
                                (no ring)
                                (no ring)

@: appendage (expiring), not resistant to hostile enchantments, unstealthy
A: almost no armour, amphibious, 8 rings, constrict 8, tentacle spike 3,
camouflage 1, gelatinous body 1
a: End Transformation


You were on level 2 of the Dungeon.
You were very hungry.
One of your tentacles had a temporary spike.
You visited 1 branch of the dungeon, and saw 2 of its levels.

You collected 135 gold pieces.

Inventory:

Hand Weapons
 j - a +0 dagger of draining (weapon)
Missiles
 a - 12 arrows
 k - 5 needles of confusion
Scrolls
 e - 2 scrolls of remove curse {unknown}
 h - 2 scrolls of identify {unknown}
 l - a scroll of enchant weapon {unknown}
Potions
 d - a potion of flight {unknown}
 f - a potion of curing {unknown}
 g - a potion of brilliance {unknown}
 i - a potion of cancellation {unknown}
Books
 b - a book of Changes

   Spells                             Type                      Level
   a - Beastly Appendage              Transmutation                1
   b - Sticks to Snakes               Transmutation                2
   c - Spider Form                    Transmutation/Poison         3
   d - Ice Form                       Ice/Transmutation            4
   e - Blade Hands                    Transmutation                5
Comestibles
 c - 2 bread rations


   Skills:
 + Level 2.2 Fighting
 - Level 2.0 Dodging
 - Level 3.0 Unarmed Combat
 + Level 2.5 Spellcasting
 * Level 3.4 Transmutations


You had 7 spell levels left.
You knew the following spells:

 Your Spells              Type           Power        Failure   Level  Hunger
a - Beastly Appendage     Trmt           ##....       6%          1    #......


Dungeon Overview and Level Annotations

Branches:
Dungeon (2/15)

Altars:
Cheibriados

Annotations:
D:2 Natasha


Innate Abilities, Weirdness & Mutations

You cannot wear most types of armour.
You are amphibious.
You can wear up to eight rings at the same time.
You can use your tentacles to constrict eight enemies at once.
Your skin changes colour to match your surroundings (Stealth).
Your rubbery body absorbs attacks (AC +1).
One of your tentacles bears a large vicious spike.


Message History

You constrict Natasha. Natasha casts a spell at you. The magic dart hits you!
You hit Natasha but do no damage.
Natasha is moderately wounded.
You constrict Natasha. Natasha misses you.
You completely miss Natasha.
You pierce Natasha, but do no damage.
Natasha is heavily wounded.
You constrict Natasha. The white imp gestures at you.
The puff of frost hits you!
* * * LOW HITPOINT WARNING * * *
Natasha claws you.
* * * LOW HITPOINT WARNING * * *
You hit Natasha.
Natasha is severely wounded.
You constrict Natasha. The white imp gestures at you.
The puff of frost hits you!
You die...

#############
##...........#
#######...########.#
....5.....# #.#
...h...........#@..#
#.# .SS.#..#l
###..h#### #.#
.#.hK... #.#....
###.#####
.h..#..#..##....
#.......#
..........##....
#.#.###.#
..........##....
#.#.# #.# .......#
#.#.# #.#.# #.#
.##.# ..#. #.#.###.#
.##.# #.#..##.#


You could see Natasha and a white imp.

Vanquished Creatures
  Natasha (D:2)
  2 adders (D:2)
  6 giant geckos
  2 giant cockroaches
  2 goblins
  4 hobgoblins
  6 jackals
  A bat (D:1)
  4 giant newts (D:1)
  2 kobolds (D:1)
  4 rats
34 creatures vanquished.

Notes
Turn   | Place    | Note
--------------------------------------------------------------
     0 | D:1      | oplop the Octopode Transmuter began the quest for the Orb.
     0 | D:1      | Reached XP level 1. HP: 13/13 MP: 3/3
    79 | D:1      | Reached XP level 2. HP: 13/18 MP: 3/5
   138 | D:1      | Found a snail-covered altar of Cheibriados.
   617 | D:2      | Reached XP level 3. HP: 15/23 MP: 4/6
  1006 | D:2      | Noticed Natasha
  1011 | D:2      | Killed Natasha
  1011 | D:2      | Reached XP level 4. HP: 8/29 MP: 5/7
  1458 | D:2      | Noticed Natasha
  1465 | D:2      | HP: 1/29 [Natasha (5)]
  1466 | D:2      | Killed from afar by a white imp

Action                   |  1- 3 |  4- 6 || total
-------------------------+-------+-------++-------
Melee: Unarmed           |    42 |       ||    42
       Dagger            |    20 |    19 ||    39
 Cast: Beastly Appendage |    17 |     3 ||    20
 Stab: Sleeping          |     2 |       ||     2
  Eat: Chunk             |       |     1 ||     1
